 Dungeon Crawl Stone Soup version 0.32-a0-918-g0f22ef8d61 (webtiles) character file.

Game seed: 10935079164351803880

1317 javelincjr the Caller (level 8, -9/57 HPs)
             Began as a Demigod Summoner on Apr 10, 2024.
             Killed from afar by a steam dragon (16 damage)
             ... with a ball of steam
             ... on level 6 of the Dungeon.
             The game lasted 00:24:21 (5496 turns).

javelincjr the Caller (Demigod Summoner)            Turns: 5496, Time: 00:24:22

Health: -9/57      AC:  7    Str:  9    XL:     8   Next: 11%
Magic:  2/17       EV: 12    Int: 39    God:
Gold:   246        SH:  0    Dex: 14    Spells: 1/15 levels left

rFire   . . .        D - +2 quarterstaff (chaos)
rCold   . . .        (shield currently unavailable)
rNeg    + . .        G - +3 leather armour of Inevitability {rN+ rCorr Int+2}
rPois   .            (no helmet)
rElec   .            e - scarf {+Inv}
rCorr   +            C - +0 pair of gloves
SInv    .            (no boots)
Will    .....        (no amulet)
Stlth   +++          o - +6 ring of intelligence
HPRegen 0.29/turn    y - +6 ring of intelligence
MPRegen 0.15/turn

%: no passive effects
@: unable to call your familiar
A: high MP 1, forlorn, divine attributes
a: Evoke Invisibility


You were on level 6 of the Dungeon.
You visited 1 branch of the dungeon, and saw 6 of its levels.

You collected 354 gold pieces.
You spent 108 gold pieces at shops.

Inventory:

Hand Weapons
 s - a +0 scythe
 w - a +2 dagger of venom
 D - a +2 quarterstaff of chaos (weapon)
Missiles
 i - 10 boomerangs
 l - 2 javelins
 x - 4 poisoned darts
Armour
 a - a +0 robe
 e - a scarf of invisibility (worn)
 z - the +2 robe of the Silversmith {rN+}
   (You bought it in a shop on level 4 of the Dungeon)

   rN+:       It protects you from negative energy.
 C - a +0 pair of gloves (worn)
 E - a +0 cloak
 G - the +3 leather armour of Inevitability (worn) {rN+ rCorr Int+2}
   (You found it on level 5 of the Dungeon)

   Int+2:     It affects your intelligence (+2).
   rN+:       It protects you from negative energy.
   rCorr:     It protects you from acid and corrosion.
Magical Staves
 r - a staff of conjuration
Jewellery
 o - a +6 ring of intelligence (left hand)
 y - a +6 ring of intelligence (right hand)
Wands
 A - a wand of flame (13)
 H - a wand of roots (7)
Scrolls
 c - a scroll of identify {unknown}
 d - 2 scrolls of amnesia {unknown}
 f - 3 scrolls of teleportation {unknown}
 j - a scroll of silence {unknown}
 k - a scroll of torment {unknown}
 m - 2 scrolls of vulnerability {unknown}
 p - a scroll of fear {unknown}
 q - 2 scrolls of fog {unknown}
 t - a scroll of enchant weapon {unknown}
 B - a scroll of immolation {unknown}
Potions
 b - 2 potions of magic
 g - a potion of curing
 h - a potion of degeneration {unknown}
 n - a potion of heal wounds {unknown}
 u - 2 potions of invisibility {unknown}
 v - a potion of experience {unknown}
 F - a potion of haste {unknown}


   Skills:
 + Level 1.0 Armour
 + Level 4.3 Dodging
 + Level 4.6 Stealth
 * Level 4.3 Spellcasting
 + Level 5.4 Summonings
 + Level 3.8 Evocations


You had one spell level left.
You knew the following spells:

 Your Spells              Type           Power      Damage    Failure   Level
a - Summon Small Mammal   Summ           100%       N/A       1%          1
b - Call Imp              Summ           100%       N/A       1%          2
c - Call Canine Familiar  Summ           50%        N/A       1%          3
d - Summon Blazeheart Go  Fire/Summ      29%        N/A       16%         4
e - Summon Lightning Spi  Summ/Air       29%        N/A       16%         4

Your spell library contained the following spells:

 Spells                   Type           Power      Damage    Failure   Level
 Kiss of Death            Conj/Necr      32%        2d7       4%          1
 Confusing Touch          Hex            8%         N/A       14%         3
 Dispel Undead            Necr           8%         3d8       43%         4


Dungeon Overview and Level Annotations

Branches:
Dungeon (6/15)             Temple (0/1) D:5

Shops:
D:2 [   D:4 [


Innate Abilities, Weirdness & Mutations

You have an increased reservoir of magic. (+10% MP)
You shall have no god before yourself.
Your divine heritage dramatically boosts your attributes as you level up.


Message History

The steam dragon closely misses your inugami. x2
Your inugami is engulfed in a cloud of scalding steam.
Your inugami hits the steam dragon. The steam dragon closely misses you.
The steam dragon claws you.
Your inugami is engulfed in a cloud of scalding steam.
Your inugami hits the steam dragon.
You are too injured to fight recklessly!
You are too injured to fight recklessly!
You barely miss the steam dragon.
The steam dragon is moderately wounded.
The steam dragon bites you. The steam dragon completely misses you.
Your inugami is engulfed in a cloud of scalding steam.
Your inugami dies!
Your inugami disappears in a puff of smoke!
The steam dragon breathes steam at you. The ball of steam hits you.
* * * LOW HITPOINT WARNING * * *
You hear a shout! x3
You barely miss the steam dragon.
The steam dragon is moderately wounded.
You are engulfed in a cloud of scalding steam.
* * * LOW HITPOINT WARNING * * *
The steam dragon bites you.
* * * LOW HITPOINT WARNING * * *
The steam dragon closely misses you.
It was a potion of curing.
You feel better.
You are engulfed in a cloud of scalding steam.
* * * LOW HITPOINT WARNING * * *
The steam dragon barely misses you.
The steam dragon claws you but does no damage.
The steam dragon breathes steam at you. The ball of steam hits you!
* * * LOW HITPOINT WARNING * * *
You hear a shout! x3
You feel better.
You are engulfed in a cloud of scalding steam.
* * * LOW HITPOINT WARNING * * *
The steam dragon breathes steam at you. The ball of steam hits you!
You die...

....##.............
#.#..#..#...........#
#.##....#........?..##
##..##.................
.........................
#...................< .
##....§§.............
...##...§..§.....###....
.......@.§§......#.....
...)..D....§...........
..).....#....)....##$...
.)##.##.#..........#....
..... ..##.##.))).......
...#...##..####<#...#...
.## ..# #... ####### ..
... ..... ..


You could see a steam dragon (catching breath).

Vanquished Creatures
  A black bear (D:4)
  A scorpion (D:5)
  3 gnolls (D:4)
  2 adders
  A white imp (D:5)
  2 orcs
  7 ball pythons
  6 bats
  6 endoplasms
  2 giant cockroaches
  7 goblins
  4 hobgoblins
  5 jackals
  5 quokkas
  2 frilled lizards (D:2)
  3 kobolds
57 creatures vanquished.

Vanquished Creatures (collateral kills)
  Sigmund (D:3)
  A water moccasin (D:5)
  An ogre (D:5)
  A phantom (D:5)
  2 scorpions (D:5)
  2 bombardier beetles
  2 jellies
  2 hounds
  An orc priest (D:6)
  2 sleepcaps
  Crazy Yiuf (D:5)
  Terence (D:3)
  Natasha (D:2)
  A gnoll (D:4)
  4 adders
  A white imp (D:5)
  2 ufetubi (D:5)
  2 dart slugs
  6 ribbon worms
  8 orcs
  7 bats
  3 endoplasms
  4 goblins
  5 hobgoblins
  4 jackals
  6 quokkas
  6 ball pythons
  3 frilled lizards
  4 kobolds
  2 rats
86 creatures vanquished.

Vanquished Creatures (others)
  An orc wizard (D:6)
  A blazeheart core (D:5)
2 creatures vanquished.

Grand Total: 145 creatures vanquished

Notes
Turn   | Place    | Note
-------+----------+-------------------------------------------
     0 | D:1      | javelincjr the Demigod Summoner began the quest for the
                  | Orb.
     0 | D:1      | Reached XP level 1. HP: 14/14 MP: 5/5
   165 | D:1      | Reached XP level 2. HP: 19/20 MP: 7/7
   168 | D:1      | Learned a level 2 spell: Call Imp
   767 | D:1      | Reached XP level 3. HP: 5/26 MP: 5/8
  1190 | D:2      | Reached skill level 1 in Evocations
  1343 | D:2      | Found Yfycreid's Armour Shoppe.
  1492 | D:2      | Learned a level 3 spell: Call Canine Familiar
  1664 | D:2      | Reached skill level 4 in Summonings
  1751 | D:2      | Reached XP level 4. HP: 32/33 MP: 10/10
  2150 | D:2      | Noticed Natasha
  2157 | D:2      | Killed Natasha
  2556 | D:3      | Noticed Sigmund
  2585 | D:3      | Killed Sigmund
  2586 | D:3      | Reached XP level 5. HP: 22/38 MP: 6/12
  2586 | D:3      | Reached XP level 6. HP: 26/45 MP: 6/13
  2928 | D:3      | Noticed Terence
  2937 | D:3      | Killed Terence
  3610 | D:4      | Learned a level 4 spell: Summon Blazeheart Golem
  3734 | D:4      | Reached XP level 7. HP: 46/50 MP: 9/15
  3829 | D:4      | Found Zous's Antique Armour Emporium.
  3832 | D:4      | Bought a spiked robe for 108 gold pieces
  3832 | D:4      | Identified the +2 robe of the Silversmith {rN+} (You bought
                  | it in a shop on level 4 of the Dungeon)
  4108 | D:5      | Entered Level 5 of the Dungeon
  4108 | D:5      | Noticed a +0 short sword
  4108 | D:5      | Noticed a +0 spear
  4108 | D:5      | Noticed a +0 dagger
  4109 | D:5      | Noticed a +0 falchion
  4109 | D:5      | Noticed a +0 dagger
  4110 | D:5      | Noticed a +0 spear
  4110 | D:5      | Noticed a +0 short sword
  4138 | D:5      | Reached skill level 5 in Summonings
  4295 | D:5      | Found a runed translucent door.
  4296 | D:5      | Noticed Crazy Yiuf
  4305 | D:5      | Killed Crazy Yiuf
  4673 | D:5      | Identified the +3 leather armour of Inevitability {rN+
                  | rCorr Int+2}
  4743 | D:5      | Found a staircase to the Ecumenical Temple.
  4859 | D:5      | Noticed a +0 falchion
  4894 | D:5      | Reached XP level 8. HP: 57/57 MP: 13/17
  4900 | D:5      | Learned a level 4 spell: Summon Lightning Spire
  5464 | D:6      | Reached skill level 1 in Armour
  5495 | D:6      | HP: 2/57 [steam dragon/ball of steam (15)]
  5496 | D:6      | Killed from afar by a steam dragon

Illustrated notes

Levels and vault maps discovered:
D:1:      heliophobic_arrival_ceremonial_halls, layout_basic,
          minmay_shallow_snake_nest
D:2:      layout_loops_corners, shapermc_ecumenical_altar_totnotflames,
          serial_shops, nicolae_square_shop, uniq_natasha
D:3:      layout_rooms, grunt_decor_cap, uniq_terence, uniq_sigmund
D:4:      layout_rooms, grunt_temple_overflow_open, serial_shops,
          nicolae_shop_behind_doors, hangedman_abyss_or_decor_jellyfish_corner
D:5:      layout_loops_ring, chequers_temple_overflow_minitemple,
          nicolae_uskayaw_en_pointe, minmay_temple_entry_mini_moons,
          uniq_crazy_yiuf_cottage
D:6:      layout_cave_pools, amcnicky_altar_gilded, nicolae_half_adder,
          uniq_duvessa

Skill      XL: |  1  2  3  4  5  6  7  8 |
---------------+-------------------------+-----
Stealth        | 2 3 4 |  4.6
Dodging        | 2 3 4 |  4.3
Spellcasting   | 2 3 4 |  4.3
Evocations     | 1 2 3 |  3.8
Summonings     | 4 5 |  5.4
Armour         | 1 |  1.0

Action                     |  1- 3 |  4- 6 |  7- 9 || total
---------------------------+-------+-------+-------++-------
  Melee: Unarmed           |    42 |       |       ||    42
         Dagger            |    72 |    83 |     9 ||   164
         Quarterstaff      |       |       |    37 ||    37
   Cast: Summon Small Mamm |    23 |    15 |     4 ||    42
         Call Imp          |    17 |    21 |    14 ||    52
         Call Canine Famil |     2 |    15 |    17 ||    34
         Summon Blazeheart |       |       |     2 ||     2
         Summon Lightning  |       |       |     2 ||     2
    Use: Potion            |       |       |     2 ||     2
   Stab: Sleeping          |     3 |     2 |     2 ||     7
         Distracted        |       |     1 |       ||     1
 Armour: Robe              |    74 |    79 |    17 ||   170
         Leather armour    |       |       |    38 ||    38
  Dodge: Dodged            |    94 |    63 |    42 ||   199

Table legend: (Time is in decaauts)
 A = Elapsed time spent in this place.
 B = Non-inter-level travel time spent in this place.
 C = Inter-level travel time spent in this place.
 D = Time resting spent in this place.
 E = Time spent auto-exploring this place.
 F = Levels seen in this place.
 G = Mean time per level.
                   A        B        C        D        E       F      G
               +--------+--------+--------+--------+--------+-----+--------+
         Total |   5503 |   5402 |    101 |    279 |   3959 |   6 |  917.2 |
       Dungeon |   5503 |   5402 |    101 |    279 |   3959 |   6 |  917.2 |
               +--------+--------+--------+--------+--------+-----+--------+

Top non-repeatable levels by time:
     D:5: 1252 daAuts
     D:1: 1184 daAuts
     D:2: 1115 daAuts
     D:3: 970 daAuts
     D:4: 834 daAuts
     D:6: 145 daAuts
